 Dungeon Crawl Stone Soup version 0.27-a0-1065-ge809cff456 (webtiles) character file.

Game seed: 12515296942041097894

53 snetch the Magician (level 3, 0/25 HPs)
             Began as a Djinni Hedge Wizard on Apr 24, 2021.
             Slain by an orc
             ... wielding a +0 hand axe
              (8 damage)
             ... on level 3 of the Dungeon.
             The game lasted 00:02:39 (1011 turns).

snetch the Magician (Djinni Hedge Wizard)           Turns: 1011, Time: 00:02:39

Health: 0/25       AC:  2    Str:  9    XL:     3   Next: 87%
Gold:   39         EV: 12    Int: 16    God:
                   SH:  0    Dex: 12

rFire    + + .     SeeInvis .   a - +0 dagger (elec)
rCold    x . .     Faith    .   (no shield)
rNeg     . . .     Spirit   .   b - +0 robe
rPois    ∞         Reflect  .   c - +0 hat
rElec    .         Harm     .   (no cloak)
rCorr    .         Rampage  .   (no gloves)
Will     .....                  (boots unavailable)
Stlth    ++........             (no amulet)
HPRegen  0.08/turn              (no ring)
MPRegen  0.00/turn              (no ring)

@: flying
A: fire resistance 2, cold vulnerability 1, float, innate caster, hp casting,
extra vitality 1
a: no special abilities


You were on level 3 of the Dungeon.
You visited 1 branch of the dungeon, and saw 3 of its levels.

You collected 39 gold pieces.

Inventory:

Hand Weapons
 a - a +0 dagger of electrocution (weapon)
Missiles
 i - 47 stones
Armour
 b - a +0 robe (worn)
 c - a +0 hat (worn)
 g - a +0 leather armour
 l - a +0 ring mail
 m - a +0 chain mail
Potions
 d - a potion of might {unknown}
 e - a potion of berserk rage {unknown}
 f - a potion of brilliance {unknown}
 h - a potion of mutation {unknown}
 k - 2 potions of curing {unknown}


   Skills:
 + Level 2.7 Dodging
 + Level 1.8 Stealth
 + Level 3.7 Spellcasting


You couldn't memorise any spells.
You knew the following spells:

 Your Spells              Type           Power      Damage    Failure   Level
a - Magic Dart            Conj           56%        1d5       3%          1
b - Blink                 Tloc           N/A        N/A       6%          2
c - Call Imp              Summ           14%        N/A       6%          2
d - Slow                  Hex            14%        N/A       6%          2
e - Conjure Flame         Conj/Fire      14%        6-21      12%         3
f - Mephitic Cloud        Conj/Pois/Air  14%        N/A       12%         3
g - Freeze                Ice            56%        1d7       3%          1
Your spell library was empty.

Dungeon Overview and Level Annotations

Branches:
Dungeon (3/15)

Altars:


Innate Abilities, Weirdness & Mutations

You are immune to poison.
Your flesh is very heat resistant. (rF++)
You are vulnerable to cold. (rC-)
You float through the air rather than walking.
You learn spells naturally, not from books.
Your magical power is your life essence.
You have superior vitality. (+4 HP)


Message History

You miscast Magic Dart.
Nothing appears to happen.
The orc hits you but does no damage.
You are too injured to fight recklessly!
You hit the orc. Lightning courses through the orc!
You kill the orc!
Aiming: Magic Dart (safe; 3% risk of failure)
Press: ? - help, Q - select action, (/) - cycle Shift-Dir - straight line, f - orc
Aim: an orc, wielding a +0 hand axe and wearing a +0 leather armour (100% to hit)
The magic dart hits the orc but does no damage.
* * * LOW HITPOINT WARNING * * *
The orc barely misses you.
You hit the orc but do no damage. Lightning courses through the orc!
You kill the orc!
Unknown command.
Items here: ))) [[ ††.
g - a +0 leather armour;
l - a +0 ring mail
Things that are here:
a +0 club; a +0 chain mail; an orc corpse
m - a +0 chain mail
Items here: ))) ††.
Your magical contamination has completely faded away.
You hear the slow rusting of a very distant drain.
Found a stone staircase leading down.
As you read the scroll labelled ROYRUSKUEGI, it crumbles to dust.
You feel strangely unstable.
It was a scroll of teleportation.
Your surroundings suddenly seem different.
An orc comes into view. It is wielding a +0 hand axe.
Aiming: Magic Dart (safe; 3% risk of failure)
Press: ? - help, Q - select action, (/) - cycle Shift-Dir - straight line, f - orc
Aim: an orc, wielding a +0 hand axe and wearing a +0 leather armour (asleep, 100% to hit)
The magic dart hits the orc.
The orc is heavily wounded.
The orc shouts!
You hear a shout! x3
The orc closely misses you.
A goblin comes into view. It is wielding a +0 dagger.
You closely miss the orc.
The orc is heavily wounded.
The orc hits you with a +0 hand axe!
You die...

#...#
#.######
#...#
#.......
#...###
########
###...#.
...##
...... ..>#
#...# #..#
#...# #..#
####g##...#
#..#
......o@..#
#..#
####.######
#..# #..#
#... #.##
#. ##


You could see an orc and a goblin.

Vanquished Creatures
  2 adders (D:2)
  4 orcs (D:3)
  2 ball pythons (D:1)
  A bat (D:1)
  A giant cockroach (D:1)
  3 frilled lizards (D:1)
  2 rats
15 creatures vanquished.

Vanquished Creatures (collateral kills)
  A hound (D:2)
  A bat (D:2)
  A goblin (D:2)
3 creatures vanquished.

Grand Total: 18 creatures vanquished

Notes
Turn   | Place    | Note
-------+----------+-------------------------------------------
     0 | D:1      | snetch the Djinni Hedge Wizard began the quest for the Orb.
     0 | D:1      | Reached XP level 1. HP: 15/15 MP: 0/0
   448 | D:1      | Reached skill level 3 in Spellcasting
   448 | D:1      | Reached XP level 2. HP: 18/21 MP: 0/0
   778 | D:2      | Reached XP level 3. HP: 14/25 MP: 0/0
   778 | D:2      | Learned a level 1 spell: Freeze
  1011 | D:3      | Slain by an orc

Illustrated notes

Levels and vault maps discovered:
D:1:      dpeg_arrival_rooms_c, layout_rooms, chequers_serial_rivers_micro_e
D:2:      layout_loops_cross
D:3:      layout_basic, ebering_ecumenical_altar_sacrificial,
          gup_sewer_entry_bowl, minivault_5, kennysheep_cluttered_room,
          minmay_distorted

Skill      XL: |  1 |
---------------+----+-----
Spellcasting   | 3 |  3.7
Dodging        | |  2.7
Stealth        | |  1.8

Action                   || total
-------------------------++-------
Melee: Dagger            ||     8
 Cast: Magic Dart        ||    27
       Call Imp          ||     3
  Use: Scroll            ||     2
Armor: Robe              ||     2
Dodge: Dodged            ||    15

Table legend: (Time is in decaauts)
 A = Elapsed time spent in this place.
 B = Non-inter-level travel time spent in this place.
 C = Inter-level travel time spent in this place.
 D = Time resting spent in this place.
 E = Time spent auto-exploring this place.
 F = Levels seen in this place.
 G = Mean time per level.
                   A        B        C        D        E       F      G
               +--------+--------+--------+--------+--------+-----+--------+
         Total |   1012 |   1012 |      0 |      0 |    858 |   3 |  337.3 |
       Dungeon |   1012 |   1012 |      0 |      0 |    858 |   3 |  337.3 |
               +--------+--------+--------+--------+--------+-----+--------+

Top non-repeatable levels by time:
     D:1: 485 daAuts
     D:2: 311 daAuts
     D:3: 215 daAuts
